 Dungeon Crawl Stone Soup version 0.20.1-1-g8b1a95d (webtiles) character file.

7999 Jazqa the Fighter (level 11, 0/102 HPs)
             Began as a Minotaur Berserker on Oct 23, 2017.
             Was a High Priest of Trog.
             Slain by an orc warrior
             ... wielding a +0 halberd
              (3 damage)
             ... on level 10 of the Dungeon.
             The game lasted 00:13:21 (7510 turns).

Jazqa the Fighter (Minotaur Berserker)              Turns: 7510, Time: 00:13:22

Health: 0/102      AC: 14    Str: 29    XL:     11   Next: 4%
Magic:  10/10      EV: 14    Int:  4    God:    Trog [*****.]
Gold:   652        SH:  4    Dex: 13    Spells: 10/10 levels left

rFire    + . .     SeeInvis .   N - +0 great mace (protect)
rCold    + . .     Gourm    .   (shield currently unavailable)
rNeg     . . .     Faith    +   o - +0 chain mail
rPois    .         Spirit   .   (helmet restricted)
rElec    .         Reflect  .   L - +0 cloak
rCorr    .         Harm     .   (no gloves)
MR       +....                  E - +0 pair of boots
Stlth    ..........             K - amulet of faith (curse)
Regen    0.3/turn               u - ring of protection from fire
MPRegen  0.2/turn               S - ring of protection from cold

@: mighty, berserk cooldown, hasted and slowed
A: retaliatory headbutt, horns 2, talons 1, large bone plates 1, magic
resistance 1, strong 1
a: Berserk, Trog's Hand, Brothers in Arms, Burn Spellbooks, Renounce Religion


You were on level 10 of the Dungeon.
You worshipped Trog.
Trog was extremely pleased with you.
You were very hungry.

You visited 1 branch of the dungeon, and saw 10 of its levels.

You collected 652 gold pieces.

Inventory:

Hand Weapons
 y - a +0 flail of protection
 B - a +2 whip of flaming
 N - a +0 great mace of protection (weapon)
Armour
 o - a +0 chain mail (worn)
 E - a +0 pair of boots (worn)
 L - a +0 cloak (worn)
Jewellery
 j - an uncursed amulet of the gourmand
 u - a ring of protection from fire (left hand)
 K - a cursed amulet of faith (around neck)
 P - the ring "Vamme" {+Fly rPois MR+ Dex-5}
   (You found it on level 8 of the Dungeon)

   [ring of poison resistance]

   It affects your dexterity (-5).
   It protects you from poison.
   It affects your resistance to hostile enchantments.
   It lets you fly.
 S - a ring of protection from cold (right hand)
Wands
 b - a wand of confusion (48/48)
 h - a wand of digging (10/24)
 A - a wand of enslavement (22/24)
 I - a wand of random effects (29/48)
 J - a wand of digging (10/24)
 R - a wand of flame (33/48)
Scrolls
 a - a scroll of recharging
 d - 5 scrolls of identify
 f - 2 scrolls of remove curse
 i - 9 scrolls of teleportation
 l - a scroll of blinking
 m - a scroll of summoning {unknown}
 w - a scroll of random uselessness {unknown}
 D - a scroll of fear {unknown}
 F - a scroll of magic mapping
 H - a scroll of vulnerability {unknown}
 O - 2 scrolls of immolation
Potions
 e - 2 potions of might
 n - 2 potions of ambrosia
 q - 2 potions of brilliance
 r - 3 potions of cancellation
 s - 6 potions of curing
 t - a potion of haste
 v - a potion of lignification {unknown}
 z - a potion of agility
 G - a potion of flight
Books
 x - a book of Maledictions

   Spells                             Type                      Level
   a - Corona                         Hexes                        1
   b - Ensorcelled Hibernation        Hexes/Ice                    2
   c - Confuse                        Hexes                        3
   d - Tukima's Dance                 Hexes                        3
   e - Dazzling Spray                 Conjuration/Hexes            3
   Trog disapproves of the use of such an item.
 M - a book of Maledictions

   Spells                             Type                      Level
   a - Corona                         Hexes                        1
   b - Ensorcelled Hibernation        Hexes/Ice                    2
   c - Confuse                        Hexes                        3
   d - Tukima's Dance                 Hexes                        3
   e - Dazzling Spray                 Conjuration/Hexes            3
   Trog disapproves of the use of such an item.
 Q - a book of Geomancy

   Spells                             Type                      Level
   a - Sandblast                      Earth                        1
   b - Passwall                       Transmutation/Earth          2
   c - Stone Arrow                    Conjuration/Earth            3
   d - Petrify                        Transmutation/Earth          4
   e - Lee's Rapid Deconstruction     Earth                        5
   Trog disapproves of the use of such an item.
 T - a book of Minor Magic

   Spells                             Type                      Level
   a - Magic Dart                     Conjuration                  1
   b - Blink                          Translocation                2
   c - Call Imp                       Summoning                    2
   d - Slow                           Hexes                        2
   e - Conjure Flame                  Conjuration/Fire             3
   f - Mephitic Cloud                 Conjuration/Poison/Air       3
   Trog disapproves of the use of such an item.
 U - a book of Minor Magic

   Spells                             Type                      Level
   a - Magic Dart                     Conjuration                  1
   b - Blink                          Translocation                2
   c - Call Imp                       Summoning                    2
   d - Slow                           Hexes                        2
   e - Conjure Flame                  Conjuration/Fire             3
   f - Mephitic Cloud                 Conjuration/Poison/Air       3
   Trog disapproves of the use of such an item.
Comestibles
 c - 9 bread rations
 g - 6 meat rations
 k - 5 fruits
 C - 5 royal jellies
 V - 9 chunks of flesh


   Skills:
 + Level 11.4 Fighting
 + Level 11.4 Maces & Flails
 + Level 9.0 Armour
 + Level 9.6 Dodging


You had 10 spell levels left.
You didn't know any spells.

Dungeon Overview and Level Annotations

Branches:
Dungeon (10/15)            Temple (0/1) D:7
   Lair: D:8-11         Orc: D:9-12

Altars:
Cheibriados
Fedhas
Makhleb
Okawaru
Vehumet
Xom
The Shining One

Shops:
D:5 =


Innate Abilities, Weirdness & Mutations

You reflexively headbutt those who attack you in melee.
You have a pair of horns on your head.
You have sharp toenails.
You are partially covered in large bone plates. (SH +4)
You are resistant to hostile enchantments. (MR+)
Your muscles are strong. (Str +2)


Message History

You hit the komodo dragon.
The komodo dragon is moderately wounded.
The orc priest calls down the wrath of Beogh upon you.
Beogh smites you!
* * * LOW HITPOINT WARNING * * *
The komodo dragon bites you but does no damage.
The orc warrior barely misses you. The komodo dragon bites you.
* * * LOW HITPOINT WARNING * * *
Your chain mail prevents you from hitting the komodo dragon.
You headbutt the komodo dragon.
The komodo dragon is heavily wounded.
The orc warrior barely misses you.
The orc priest miscasts a cantrip.
The komodo dragon barely misses you. The orc warrior barely misses you.
Unknown command.
You feel yourself speed up.
The komodo dragon completely misses you.
You furiously retaliate!
You headbutt the komodo dragon!
The orc warrior hits you from afar with a halberd.
You die...

#.............
#.......##....
#...##........
#[..##.######.
###....#.#
.........#
..#.##...#
..#.....o######
.....(.ol@...#
..####..#####.#
. ......
......# #....##
#..## #..


You could see a komodo dragon, an orc warrior and an orc priest.

Vanquished Creatures
  A dire elephant (shapeshifter) (D:8)
  2 two-headed ogres
  Pikel (D:5)
  A cyclops (D:8)
  A gargoyle (D:10)
  A troll (D:10)
  Prince Ribbit (D:5)
  Sigmund (D:3)
  A wyvern (D:9)
  A yak (D:8)
  A hungry ghost (D:8)
  Menkaure (D:5)
  Edmund (D:5)
  Duvessa (D:4)
  An ice beast (D:8)
  A slave (D:5)
  4 orc warriors
  A phantom (D:5)
  2 sky beasts
  5 ogres
  2 necrophages
  3 centaurs
  A big kobold (D:8)
  4 bullfrogs
  Dowan (D:4)
  2 scorpions
  A wyvern skeleton (D:7)
  5 killer bees
  4 howler monkeys (D:8)
  4 crimson imps
  2 quasits (D:8)
  A bullfrog skeleton (D:4)
  3 hounds
  A gnoll shaman (D:4)
  2 orc priests
  An iguana (D:8)
  Ijyb (D:5)
  5 orc wizards
  5 worker ants
  8 gnolls
  5 adders
  3 shadow imps
  2 oozes
  An adder skeleton (D:4)
  An adder zombie (D:8)
  2 worms (D:2)
  4 leopard geckos
  19 orcs
  A ball python (D:3)
  4 bats
  2 giant cockroaches
  5 goblins
  4 hobgoblins
  9 jackals
  2 quokkas
  A ball python zombie (D:5)
  5 frilled lizards
  9 kobolds
  A leopard gecko skeleton (D:4)
  A quokka skeleton (D:4)
  14 rats
180 creatures vanquished.

Notes
Turn   | Place    | Note
-------+----------+-------------------------------------------
     0 | D:1      | Jazqa the Minotaur Berserker began the quest for the Orb.
     0 | D:1      | Reached XP level 1. HP: 19/19 MP: 0/0
   141 | D:1      | Reached XP level 2. HP: 27/27 MP: 1/1
   496 | D:2      | Gained mutation: You have sharp toenails. [potion of mutation]
   496 | D:2      | Gained mutation: You are resistant to hostile enchantments. (MR+) [potion of mutation]
   496 | D:2      | Gained mutation: You are partially covered in large bone plates. (SH +4) [potion of mutation]
   496 | D:2      | Gained mutation: Your muscles are strong. (Str +2) [potion of mutation]
   519 | D:2      | Reached XP level 3. HP: 33/33 MP: 2/2
   556 | D:2      | Reached ** piety under Trog
  1041 | D:3      | Reached XP level 4. HP: 28/41 MP: 3/3
  1349 | D:3      | Noticed Sigmund
  1357 | D:3      | Killed Sigmund
  1357 | D:3      | Reached skill level 5 in Fighting
  1357 | D:3      | Reached skill level 5 in Maces & Flails
  1357 | D:3      | Reached XP level 5. HP: 48/48 MP: 4/4
  1436 | D:3      | Noticed a centaur
  1442 | D:3      | Killed a centaur
  1442 | D:3      | Reached XP level 6. HP: 36/57 MP: 5/5
  1917 | D:4      | Reached *** piety under Trog
  1972 | D:4      | Found a snail-covered altar of Cheibriados.
  1975 | D:4      | Found a shimmering altar of Xom.
  1976 | D:4      | Found a glowing golden altar of the Shining One.
  2013 | D:4      | Reached skill level 5 in Dodging
  2214 | D:4      | Reached XP level 7. HP: 63/63 MP: 6/6
  2442 | D:4      | Noticed Duvessa
  2445 | D:4      | Noticed Dowan
  2452 | D:4      | Killed Duvessa
  2455 | D:4      | Killed Dowan
  2706 | D:4      | Found a radiant altar of Vehumet.
  2707 | D:4      | Found a burning altar of Makhleb.
  2745 | D:5      | Entered Level 5 of the Dungeon
  3047 | D:5      | Noticed Edmund
  3054 | D:5      | Killed Edmund
  3055 | D:5      | Reached XP level 8. HP: 73/73 MP: 7/7
  3067 | D:5      | Found Xaskowk's Jewellery Shop.
  3116 | D:5      | Noticed Menkaure
  3126 | D:5      | Killed Menkaure
  3407 | D:5      | Noticed Prince Ribbit
  3415 | D:5      | Killed Prince Ribbit
  3473 | D:5      | Noticed Ijyb
  3479 | D:5      | Killed Ijyb
  3781 | D:5      | Noticed Pikel
  3793 | D:5      | Killed Pikel
  3793 | D:5      | Reached XP level 9. HP: 64/83 MP: 8/8
  4095 | D:6      | Reached **** piety under Trog
  4095 | D:6      | Reached skill level 5 in Armour
  5082 | D:7      | Found an iron altar of Okawaru.
  5306 | D:7      | Found a staircase to the Ecumenical Temple.
  5608 | D:8      | Noticed a two-headed ogre
  5621 | D:8      | Killed a two-headed ogre
  5621 | D:8      | Reached skill level 10 in Fighting
  5621 | D:8      | Reached skill level 10 in Maces & Flails
  5660 | D:8      | Found a blossoming altar of Fedhas.
  5824 | D:8      | Reached XP level 10. HP: 92/92 MP: 9/9
  6102 | D:8      | Reached ***** piety under Trog
  6461 | D:8      | Noticed a cyclops
  6468 | D:8      | Killed a cyclops
  6518 | D:8      | Noticed a dire elephant
  6532 | D:8      | Killed a dire elephant
  6577 | D:8      | Got a sparkling wooden ring
  6769 | D:9      | Noticed a two-headed ogre
  6773 | D:9      | Killed a two-headed ogre
  6787 | D:9      | Identified the ring "Vamme" {+Fly rPois MR+ Dex-5} (You found it on level 8 of the Dungeon)
  7364 | D:10     | Entered Level 10 of the Dungeon
  7370 | D:10     | Noticed a gargoyle
  7378 | D:10     | Killed a gargoyle
  7458 | D:10     | Reached XP level 11. HP: 83/101 MP: 10/10
  7503 | D:10     | HP: 2/101 [komodo dragon (21)]
  7508 | D:10     | HP: 5/102 [orc priest/divine providence (14)]
  7508 | D:10     | HP: 2/102 [komodo dragon (3)]
  7510 | D:10     | Slain by an orc warrior

Skill      XL: |  1  2  3  4  5  6  7  8  9 10 11 |
---------------+----------------------------------+-----
Fighting       | 4 5 6 7 9 10 11 | 11.4
Armour         | 3 4 6 8 9 |  9.0
Maces & Flails | 4 5 6 7 8 10 11 | 11.4
Dodging        | 3 4 5 6 7 8 9 |  9.6

Action                   |  1- 3 |  4- 6 |  7- 9 | 10-12 || total
-------------------------+-------+-------+-------+-------++-------
Melee: Mace              |    74 |    61 |    45 |       ||   180
       Headbutt          |    11 |    13 |    42 |    40 ||   106
       Kick              |    10 |    15 |    52 |       ||    77
       Flail             |       |       |    46 |       ||    46
       Whip              |       |       |   108 |    95 ||   203
       Great mace        |       |       |       |    67 ||    67
Invok: Berserk           |     1 |     1 |     4 |     3 ||     9
       Burn Spellbooks   |       |       |     2 |       ||     2
  Use: Scroll            |     1 |       |    15 |       ||    16
       Potion            |     1 |       |     3 |     4 ||     8
 Stab: Sleeping          |       |     1 |       |       ||     1
  Eat: Chunk             |       |     6 |    21 |     6 ||    33
       Meat ration       |       |       |     1 |       ||     1
Armor: Animal skin       |    13 |       |       |       ||    13
       Leather armour    |     6 |     8 |     7 |       ||    21
       Chain mail        |       |       |    15 |    68 ||    83
Dodge: Dodged            |    55 |    45 |   104 |    93 ||   297
Block: Other             |     6 |     9 |    23 |    32 ||    70
